 Dungeon Crawl Stone Soup version 0.21.1-1-g345015fe64 (webtiles) character file.

6367 theNoobletaur the Covered (level 10, -4/86 HPs)
             Began as a Minotaur Gladiator on July 12, 2018.
             Was a Follower of Kikubaaqudgha.
             Slain by a gargoyle
             ... wielding a +0 morningstar
             ... summoned by a boggart
              (18 damage)
             ... on level 10 of the Dungeon on July 13, 2018.
             The game lasted 00:50:26 (4930 turns).

theNoobletaur the Covered (Minotaur Gladiator)      Turns: 4930, Time: 00:50:27

Health: -4/86      AC:  7    Str: 21    XL:     10   Next: 65%
Magic:  7/12       EV: 16    Int:  5    God:    Kikubaaqudgha [*.....]
Gold:   376        SH:  0    Dex: 17    Spells: 7/14 levels left

rFire    x . .     SeeInvis .   H - +11 trident of Guilt {freeze, *Slow +Fly rPois rF-}
rCold    . . .     Gourm    .   (no shield)
rNeg     + + .     Faith    .   M - +3 leather armour {rN+}
rPois    +         Spirit   .   c - +0 hat
rElec    +         Reflect  .   (no cloak)
rCorr    .         Harm     +   (no gloves)
MR       .....                  (no boots)
Stlth    ++........             n - amulet of Red Wine {Harm *Drain rElec rPois rN+ Dex+4}
HPRegen  0.24/turn              (no ring)
MPRegen  0.13/turn              D - ring of wizardry

@: no status effects
A: retaliatory headbutt, horns 2
a: Receive Corpses, Renounce Religion, Evoke Flight


You were on level 10 of the Dungeon.
You worshipped Kikubaaqudgha.
Kikubaaqudgha was aware of your devotion.
You were near starving.

You visited 2 branches of the dungeon, and saw 10 of its levels.
You also visited: Sewer.

You collected 376 gold pieces.

Inventory:

Hand Weapons
 a - a +0 trident
 o - a +1 short sword of flaming
 q - a +2 dagger of venom
 s - a +2 whip of electrocution
 v - a +0 blowgun
 y - a +2 dagger of protection
 G - a +2 dagger of speed
 H - the +11 trident of Guilt (weapon) {freeze, *Slow +Fly rPois rF-}
   (You found it on level 5 of the Dungeon)

   It has been specially enchanted to freeze those struck by it, causing extra
   injury to most foes and up to half again as much damage against particularly
   susceptible opponents.
   It can also slow down cold-blooded creatures.
   It makes you vulnerable to fire.
   It protects you from poison.
   It lets you fly.
   It may slow you when you take damage.
 I - a +2 mace of crushing
 K - a +1 dagger of venom
 P - a +1 long sword of protection
 V - the +0 hand axe of Linearity {flame, rElec rN+}
   (You found it on level 6 of the Dungeon)

   It has been specially enchanted to burn those struck by it, causing extra
   injury to most foes and up to half again as much damage against particularly
   susceptible opponents.
   Big, fiery blades are also staple armaments of hydra-hunters.
   It insulates you from electricity.
   It protects you from negative energy.
 W - a +0 giant spiked club
Missiles
 d - 7 tomahawks
 h - 45 arrows
 i - 8 steel tomahawks
 t - 61 sling bullets
 w - 45 poisoned needles
 N - a throwing net (quivered)
 Z - 8 bolts
Armour
 b - a +0 leather armour
 c - a +0 hat (worn)
 f - a +3 scale mail
 g - a +2 helmet
 j - a +0 ring mail
 l - a +0 animal skin
 m - a +0 helmet
 x - a +0 ring mail
 C - a +0 robe
 F - a +0 helmet
 M - a +3 leather armour of positive energy (worn)
 O - a +0 ring mail
 U - a +3 leather armour of fire resistance
 X - a +2 robe
Jewellery
 n - the amulet of Red Wine (around neck) {Harm *Drain rElec rPois rN+ Dex+4}
   (You found it on level 4 of the Dungeon)

   [amulet of harm]

   It increases damage dealt and taken.
   It affects your dexterity (+4).
   It insulates you from electricity.
   It protects you from poison.
   It protects you from negative energy.
   It causes draining when unequipped.
 D - a ring of wizardry (right hand)
Wands
 E - a wand of enslavement (13)
 J - a wand of paralysis (8)
 S - a wand of flame (17)
Scrolls
 p - 2 scrolls of teleportation
 u - 2 scrolls of identify
 B - a scroll of immolation
 L - a scroll of magic mapping
 R - 2 scrolls of amnesia
Potions
 z - a potion of agility
 Q - a potion of brilliance
Books
 T - Kikubaaqudgha's Incunabulum of Darkness
   (Kikubaaqudgha gifted it to you on level 9 of the Dungeon)

   Spells                             Type                      Level
   a - Animate Skeleton               Necromancy                   1
   b - Pain                           Necromancy                   1
   c - Sublimation of Blood           Necromancy                   2
   d - Vampiric Draining              Necromancy                   3
Comestibles
 k - 5 rations


   Skills:
 + Level 7.3 Fighting
 - Level 7.3 Maces & Flails
 + Level 7.2 Polearms
 + Level 4.7 Throwing
 + Level 7.7 Armour
 + Level 7.0 Dodging
 + Level 3.9 Stealth
 + Level 2.5 Spellcasting
 + Level 2.8 Necromancy
 + Level 3.5 Evocations


You had 7 spell levels left.
You knew the following spells:

 Your Spells              Type           Power        Failure   Level  Hunger
a - Animate Skeleton      Necr           N/A          6%          1    ##.....
b - Pain                  Necr           #...         6%          1    ##.....
c - Sublimation of Blood  Necr           #.........   9%          2    ###....
d - Vampiric Draining     Necr           #.........   17%         3    ####...


Dungeon Overview and Level Annotations

Branches:
Dungeon (10/15)            Temple (1/1) D:6
   Lair: D:8-11         Orc: D:9-12

Altars:
Cheibriados
Dithmenos
Fedhas
Gozag
Hepliaklqana
Kikubaaqudgha
Makhleb
Nemelex Xobeh
Okawaru
Qazlal
Ru
Sif Muna
Trog
Uskayaw
Vehumet
Wu Jian
Xom
Yredelemnul
Zin
The Shining One

Shops:
D:4 }


Innate Abilities, Weirdness & Mutations

You reflexively headbutt those who attack you in melee.
You have a pair of horns on your head.


Message History

Your Dodging skill increases to level 7!
The howler monkey hoots and howls with incredible vigour!
You hear a bark!
Something shouts, "Get thee hence, thou lumpish toot-wallowing socdollager!"
Things that are here:
a club; an iguana corpse You hit the gargoyle.
You freeze the gargoyle. Your headbutt misses the gargoyle.
The gargoyle is moderately damaged.
The gargoyle hurls a stone arrow at you.
The stone arrow hits you!
* * * LOW HITPOINT WARNING * * *
You hit the gargoyle. You freeze the gargoyle.
The gargoyle is heavily damaged.
The gargoyle hits you with a morningstar!
* * * LOW HITPOINT WARNING * * *
You feel better.
The gargoyle hits you with a morningstar!
You die...
Kikubaaqudgha rasps: "You have failed me!
Welcome... death!"

) .## ..#
.. #.###
.# #
#.#.... ..
#.#.#. .#
#.#..#..
###.#..?#
#.@9#..#
#.##r.# #.
#....Y...
#.
.....#...
###....#.g
# #...#$
Z# #....#.
.# #....
#. u
#..... ..


You could see a gargoyle, an ice beast, a boggart, a quokka and a centaur
skeleton.

Vanquished Creatures
  Josephine (D:10)
  A two-headed ogre (D:9)
  Pikel (D:6)
  An ugly thing (D:10)
  3 centaur skeletons (D:10)
  The ghost of Necrophagist the Thaumaturge, a novice DEFE (D:5)
  Grinder (D:4)
  A yak (D:10)
  4 wraiths (D:10)
  Eustachio (D:6)
  2 hungry ghosts (D:9)
  A soldier ant (D:10)
  3 orc warriors
  A sky beast (D:9)
  2 slaves (D:6)
  A phantom (D:9)
  A necrophage (D:9)
  An ogre (D:9)
  A big kobold (Sewer)
  A bullfrog (D:10)
  3 scorpions
  2 killer bees (D:5)
  A wight (D:10)
  4 crimson imps
  2 hounds (D:9)
  2 bullfrog skeletons
  6 orc priests
  2 iguanas
  6 orc wizards
  6 worker ants
  Ijyb (D:5)
  A hound zombie (D:5)
  A hound skeleton (D:6)
  Robin (D:2)
  A worker ant zombie (D:10)
  5 adders
  A shadow imp (D:5)
  5 oozes
  2 dart slugs
  3 leopard geckos
  23 orcs
  5 ball pythons
  5 bats
  7 giant cockroaches
  10 goblins
  5 hobgoblins
  20 kobolds
  3 quokkas
  7 frilled lizards
  A leopard gecko skeleton (D:2)
  7 rats
  A butterfly (D:5)
  A plant (Sewer)
179 creatures vanquished.

Notes
Turn   | Place    | Note
-------+----------+-------------------------------------------
     0 | D:1      | theNoobletaur the Minotaur Gladiator began the quest for the Orb.
     0 | D:1      | Reached XP level 1. HP: 18/18 MP: 0/0
   151 | D:2      | Noticed Robin
   157 | D:2      | Reached XP level 2. HP: 25/25 MP: 1/1
   168 | D:2      | Killed Robin
   269 | D:2      | Reached XP level 3. HP: 11/30 MP: 2/2
  1289 | D:2      | Reached skill level 1 in Armour
  1413 | D:2      | Found a stormy altar of Qazlal.
  1413 | D:2      | Found a bloodstained altar of Trog.
  1418 | D:2      | Reached XP level 4. HP: 37/37 MP: 3/3
  1545 | D:3      | Reached skill level 1 in Maces & Flails
  1709 | D:3      | Reached skill level 5 in Polearms
  1877 | D:3      | Reached XP level 5. HP: 25/45 MP: 4/4
  2326 | D:4      | Found Etud's Gadget Boutique.
  2336 | D:4      | Noticed Grinder
  2349 | D:4      | Paralysed by Grinder for 2 turns
  2355 | D:4      | Killed Grinder
  2355 | D:4      | Reached XP level 6. HP: 24/52 MP: 5/5
  2562 | D:4      | Got a fine ivory amulet
  2563 | D:4      | Identified the amulet of Red Wine {Harm *Drain rElec rPois rN+ Dex+4} (You found it on level 4 of the Dungeon)
  2578 | D:4      | Found a glowing drain.
  2593 | Sewer    | Entered a sewer
  2829 | Sewer    | Reached XP level 7. HP: 55/59 MP: 6/6
  2977 | D:5      | Entered Level 5 of the Dungeon
  3002 | D:5      | Noticed Necrophagist's ghost (novice DEFE)
  3024 | D:5      | Killed Necrophagist's ghost
  3024 | D:5      | Reached skill level 5 in Maces & Flails
  3164 | D:5      | Found a runed door.
  3166 | D:5      | Found a runed door.
  3174 | D:5      | Reached skill level 5 in Armour
  3187 | D:5      | Reached skill level 1 in Stealth
  3190 | D:5      | Reached skill level 5 in Dodging
  3190 | D:5      | Reached XP level 8. HP: 67/67 MP: 7/7
  3212 | D:5      | Reached skill level 5 in Fighting
  3239 | D:5      | Got a pitted trident
  3240 | D:5      | Identified the +11 trident of Guilt {freeze, *Slow +Fly rPois rF-} (You found it on level 5 of the Dungeon)
  3270 | D:5      | Noticed Ijyb
  3273 | D:5      | Killed Ijyb
  3441 | D:6      | Noticed Eustachio
  3450 | D:6      | Killed Eustachio
  3470 | D:6      | Found an iron altar of Okawaru.
  3506 | D:6      | Got a smoking hand axe
  3555 | D:6      | Found a staircase to the Ecumenical Temple.
  3574 | Temple   | Entered the Ecumenical Temple
  3652 | Temple   | Became a worshipper of Kikubaaqudgha
  3674 | D:6      | Noticed Pikel
  3686 | D:6      | Killed Pikel
  3686 | D:6      | Reached skill level 1 in Evocations
  3687 | D:6      | Found a snail-covered altar of Cheibriados.
  3814 | D:6      | Reached skill level 1 in Necromancy
  3897 | D:6      | Reached XP level 9. HP: 73/75 MP: 9/9
  3931 | D:6      | Found a deep blue altar of Sif Muna.
  4056 | D:7      | Reached skill level 1 in Spellcasting
  4229 | D:7      | You fall through a shaft for 3 floors!
  4229 | D:10     | Entered Level 10 of the Dungeon
  4233 | D:10     | Found a shimmering altar of Xom.
  4234 | D:10     | Found a shimmering altar of Xom.
  4234 | D:10     | Found a shimmering altar of Xom.
  4235 | D:10     | Found a shimmering altar of Xom.
  4273 | D:9      | Noticed a two-headed ogre
  4279 | D:9      | Killed a two-headed ogre
  4535 | D:9      | Identified the cursed +0 hand axe of Linearity {flame, rElec rN+} (You found it on level 6 of the Dungeon)
  4761 | D:9      | Reached * piety under Kikubaaqudgha
  4761 | D:9      | Identified Kikubaaqudgha's Incunabulum of Darkness (Kikubaaqudgha gifted it to you on level 9 of the Dungeon)
  4761 | D:9      | Received a gift from Kikubaaqudgha
  4767 | D:9      | Learned a level 1 spell: Animate Skeleton
  4769 | D:9      | Learned a level 1 spell: Pain
  4772 | D:9      | Learned a level 2 spell: Sublimation of Blood
  4776 | D:9      | Learned a level 3 spell: Vampiric Draining
  4803 | D:9      | Found a burning altar of Makhleb.
  4803 | D:9      | Noticed an Executioner
  4812 | D:9      | Noticed a hellwing
  4812 | D:9      | Noticed a smoke demon
  4849 | D:10     | Noticed a white ugly thing
  4857 | D:10     | Reached XP level 10. HP: 62/84 MP: 12/12
  4859 | D:10     | Noticed Josephine
  4876 | D:10     | Killed Josephine
  4888 | D:10     | Killed a green ugly thing
  4893 | D:10     | Noticed a gargoyle
  4930 | D:10     | Slain by a gargoyle

Skill      XL: |  1  2  3  4  5  6  7  8  9 10 |
---------------+-------------------------------+-----
Polearms       | 4 5 6 7 |  7.2
Armour         | 1 2 3 5 6 7 |  7.7
Maces & Flails | 1 4 6 7 |  7.3
Fighting       | 3 4 5 6 7 |  7.3
Dodging        | 4 5 6 7 |  7.0
Stealth        | 1 3 |  3.9
Evocations     | 1 2 3 |  3.5
Necromancy     | 1 2 |  2.8
Throwing       | 3 4 |  4.7
Spellcasting   | 2 |  2.5

Action                   |  1- 3 |  4- 6 |  7- 9 | 10-12 || total
-------------------------+-------+-------+-------+-------++-------
Melee: Trident           |    34 |       |   108 |    53 ||   195
       Headbutt          |    10 |    20 |    42 |    15 ||    87
       Whip              |    42 |    18 |       |       ||    60
       Mace              |       |    98 |    63 |       ||   161
       Dagger            |       |       |     4 |       ||     4
Throw: Throwing net      |       |       |     3 |       ||     3
 Cast: Vampiric Draining |       |       |       |     3 ||     3
  Use: Scroll            |     2 |     3 |    11 |       ||    16
       Potion            |       |     4 |     6 |    11 ||    21
 Stab: Sleeping          |       |       |     2 |       ||     2
  Eat: Chunk             |     1 |     5 |     5 |       ||    11
       Ration            |       |       |     1 |       ||     1
Armor: Leather armour    |    11 |       |    23 |     6 ||    40
       Ring mail         |    20 |    32 |    14 |       ||    66
Dodge: Dodged            |    68 |    68 |   110 |    28 ||   274
